 Dungeon Crawl Stone Soup version 0.27.1-34-g3ba077fa99 (webtiles) character file.

Game seed: 4571407130520711339

168 Akaron the Insei (level 5, 0/33 HPs)
             Began as an Octopode Transmuter on Jan 23, 2022.
             Killed from afar by an orc wizard (3 damage)
             ... with a magic dart
             ... on level 3 of the Dungeon.
             The game lasted 00:07:55 (3602 turns).

Akaron the Insei (Octopode Transmuter)              Turns: 3602, Time: 00:07:56

Health: 0/33       AC:  3    Str: 10    XL:     5   Next: 48%
Magic:  7/8        EV: 13    Int: 15    God:
Gold:   138        SH:  0    Dex: 13    Spells: 3/9 levels left

rFire    . . .     SeeInvis .     - Unarmed
rCold    . . .     Faith    .   (no shield)
rNeg     + . .     Spirit   .   b - +2 hat
rPois    .         Reflect  .   (no amulet)
rElec    .         Harm     .   a - ring of positive energy
rCorr    .         Rampage  .   (no ring)
Will     .....                  (no ring)
Stlth    ++........             (no ring)
HPRegen  0.11/turn              (no ring)
MPRegen  0.11/turn              (no ring)
                                (no ring)
                                (no ring)

@: confused
A: almost no armour, amphibious, 8 rings, camouflage 1, gelatinous body 1,
(nimble swimmer 1), tentacles
a: no special abilities


You were on level 3 of the Dungeon.
You visited 1 branch of the dungeon, and saw 3 of its levels.

You collected 138 gold pieces.

Inventory:

Hand Weapons
 m - a +0 war axe
Missiles
 e - 21 poisoned darts
Armour
 b - a +2 hat (worn)
Jewellery
 a - a ring of positive energy (left tentacle)
Wands
 k - a wand of paralysis (8)
Scrolls
 f - 5 scrolls of identify {unknown}
 g - a scroll of brand weapon {unknown}
 i - 2 scrolls of teleportation {unknown}
 l - a scroll of fog {unknown}
Potions
 c - a potion of mutation {unknown}
 d - 2 potions of curing {unknown}
 h - a potion of lignification {unknown}
 j - a potion of haste {unknown}


   Skills:
 + Level 1.4 Fighting
 + Level 2.5 Dodging
 + Level 4.6 Unarmed Combat
 + Level 2.6 Spellcasting
 + Level 2.5 Transmutations
 * Level 1.6 Poison Magic


You had 3 spell levels left.
You knew the following spells:

 Your Spells              Type           Power      Damage    Failure   Level
a - Beastly Appendage     Tmut           18%        N/A       8%          1
b - Wereblood             Tmut           9%         N/A       11%         2
c - Spider Form           Tmut/Pois      4%         N/A       26%         3

Your spell library contained the following spells:

 Spells                   Type           Power      Damage    Failure   Level
 Ice Form                 Ice/Tmut       5%         N/A       77%         4


Dungeon Overview and Level Annotations

Branches:
Dungeon (3/15)

Altars:

Annotations:
D:3 2 transporters, kalagan's ghost, amateur DECj


Innate Abilities, Weirdness & Mutations

You cannot wear most types of armour.
You are amphibious.
You can wear up to eight rings at the same time.
Your skin changes colour to match your surroundings (Stealth+).
Your rubbery body absorbs attacks. (AC +1, EV +1)
((You are camouflaged near water. (Stealth+)))
You have tentacles for arms and can constrict up to eight enemies at once.


Message History

You kill the bat!
Something hits you.
You tentacle-slap the orc. You grab the orc.
The orc is lightly wounded.
You constrict the orc. Something hits you. The orc misses you.
You tentacle-slap the orc.
You pierce the orc.
The orc is almost dead.
You constrict the orc.
You feel a bit better.
You kill the orc!
Something hits you.
You tentacle-slap the giant cockroach but do no damage.
You grab the giant cockroach.
You pierce the giant cockroach.
The giant cockroach is almost dead.
You constrict the giant cockroach, but do no damage.
Something hits you. The giant cockroach bites you.
You tentacle-slap the giant cockroach but do no damage.
You pierce the giant cockroach.
You feel a bit better.
You kill the giant cockroach!
Your transformation is almost over.
Something hits you.
You tentacle-slap something.
You howl as the wereblood boils in your veins!
Something hits you.
You tentacle-slap something. Something hits you.
You tentacle-slap something. You squeeze something! Something hits you.
* * * LOW HITPOINT WARNING * * *
Your primal bloodlust is almost over.
Your tentacle spike disappears.
Your +2 hat unmelds from your body.
Your primal bloodlust has ended.
You are confused.
You bump into the rock wall.
A magic dart appears from out of thin air!
The magic dart hits you!
* * * LOW HITPOINT WARNING * * *
You bump into the rock wall.
Unknown command.
A magic dart appears from out of thin air!
The magic dart hits you.
You die...

.# .# .#####
###########.#....
........##....### .....
................# ...#
#######.#....##.#
...#########.#....#
..#...{...@.#....# #.#
..#.#########....##.#.#
#.###.#.#
#...#.#####.#.#
#....)#{# #.#.#.# #.#.#
.#####.#.# #.#.#.#
###.#.# #.........#
#.#.#.# #...#.#
########### ###.#.#.#
#...#.#
..#.#.#.###.#.#.#####
#.#.#................


There were no monsters in sight!

Vanquished Creatures
  2 orc priests (D:3)
  3 adders
  3 worms (D:3)
  3 dart slugs
  7 orcs (D:3)
  5 bats
  6 endoplasms
  3 giant cockroaches (D:3)
  8 goblins
  A jackal (D:3)
  A quokka (D:3)
  11 ball pythons
  2 frilled lizards
  5 kobolds
  4 rats
64 creatures vanquished.

Notes
Turn   | Place    | Note
-------+----------+-------------------------------------------
     0 | D:1      | Akaron the Octopode Transmuter began the quest for the Orb.
     0 | D:1      | Reached XP level 1. HP: 13/13 MP: 3/3
   456 | D:1      | Reached XP level 2. HP: 14/18 MP: 3/5
   461 | D:1      | Learned a level 2 spell: Wereblood
  1029 | D:1      | Found a faded altar of an unknown god.
  1651 | D:2      | Reached XP level 3. HP: 22/23 MP: 6/6
  2054 | D:2      | Reached skill level 4 in Unarmed Combat
  2084 | D:2      | Learned a level 3 spell: Spider Form
  2420 | D:3      | Reached XP level 4. HP: 21/28 MP: 4/7
  2426 | D:3      | Reached skill level 1 in Poison Magic
  2434 | D:3      | Noticed a black bear
  2438 | D:3      | Noticed kalagan's ghost (amateur DECj)
  2536 | D:3      | Found a transporter.
  2546 | D:3      | Found a transporter.
  2709 | D:3      | Reached XP level 5. HP: 23/33 MP: 4/8
  3602 | D:3      | Killed from afar by an orc wizard

Illustrated notes

Levels and vault maps discovered:
D:1:      dpeg_arrival_leaves_temple_mockup, layout_basic,
          hellmonk_ecumenical_altar_heavens_door
D:2:      layout_rooms, chequers_decorated_corner
D:3:      minmay_bubble_buster, layout_basic, gammafunk_ghost_arena

Skill      XL: |  1  2  3  4 |
---------------+-------------+-----
Unarmed Combat | 4 |  4.6
Poison Magic   | 1 |  1.6
Fighting       | |  1.4
Dodging        | |  2.5
Spellcasting   | |  2.6
Transmutations | |  2.5

Action                   |  1- 3 |  4- 6 || total
-------------------------+-------+-------++-------
Melee: Unarmed           |    65 |    67 ||   132
       Constrict         |    17 |    20 ||    37
       Tentacles         |     9 |     6 ||    15
       Kick              |     8 |    11 ||    19
       Punch             |     2 |     3 ||     5
 Cast: Beastly Appendage |    10 |     9 ||    19
       Wereblood         |     1 |     4 ||     5
 Stab: Sleeping          |     7 |     3 ||    10
Armor: Skin              |     4 |     8 ||    12
Dodge: Dodged            |    37 |    24 ||    61
